TKirby, chaotic male elven Ranger --------------- |!?*!(!m@[?!.!| |%*!%./!.[$.?[| |.......@.d...| --------|------ ### # ### # --------------- ### |.............| # |.....<........ ## ##########..............| -|------ # |.............| |.......## ##..............| |......| # # --------------- |.^.....################# |.>....| -------- TKirby the Lookout Experience level: 4 Strength: 15 Dexterity: 14 Constitution: 14 Intelligence: 14 Wisdom: 13 Charisma: 9 Health: 0(31) Energy: 29(29) Def: 5 Gold: 0 Moves: 1496 Dungeon seed: CCpJd8fG-VUdlXMb Game ID: TKirby_1507737557 Your Inventory: Weapons a - the +1 Sting (weapon in hand) b - a +1 elven bow (alternate weapon; not wielded) c - 52 +2 elven arrows (in quiver) d - 33 +0 elven arrows Armor e - an uncursed +2 elven cloak (being worn) r - an uncursed +0 leather armor (being worn) Comestibles f - 3 uncursed lembas wafers Scrolls h - an uncursed scroll of enchant armor i - an uncursed scroll of fire j - a blessed scroll of earth Tools g - an uncursed tin whistle Gems n - an uncursed worthless piece of green glass q - an uncursed worthless piece of yellowish brown glass Spells and supernatural/magical abilities: Name Level Category Fail Memory W - pray for help -- divine ? -- Your skills at the end: Fighting Skills Weapon Skills dagger [Basic] bow [Basic] Spellcasting Skills Final Attributes: You were piously aligned. You were sleep resistant. You were aware of the presence of orcs. You had automatic searching. You had infravision. You were stealthy. You were held by a large mimic. You are dead. Vanquished creatures: a ghost a small mimic a giant bat an acid blob 2 geckos 5 jackals 4 foxes 2 goblins a sewer rat 6 grid bugs 2 lichens a kobold zombie 2 newts 29 creatures vanquished. Voluntary challenges: You followed a strict vegan diet. You were an atheist. You used a wielded weapon 43 times, starting on turn 5. You were illiterate. You never genocided any monsters. You never polymorphed an object. You never changed form. You used no wishes. You never split a pudding. You never wrote Elbereth's name. You never violated your personal moral code. Dungeon overview: The Dungeons of Doom: levels 1 to 4 Level 1 a long staircase Level 2 Level 3 a fountain a long staircase Level 4 <- You were here a general store History has recorded: On T:1 you entered the Dungeons of Doom to retrieve the Amulet of Yendor! On T:197 you advanced to experience level 2. On T:490 you reached level 2 of The Dungeons of Doom. On T:623 you advanced to experience level 3. On T:946 you reached level 3 of The Dungeons of Doom. On T:1245 you reached level 4 of The Dungeons of Doom. On T:1393 you advanced to experience level 4. Score breakdown: Gold: 0 ( 0 points) Experience: 4 levels ( 9649 points) Exploration: 4 levels ( 8.33%) ( 7579 points) Discoveries: 3 items ( 1.03%) ( 3051 points) Valuables value: (no points given unless you survive) Artifact value: 800 ( 9877 points) Variety of kills: 13 monsters ( 3.41%) ( 5541 points) Turncount: 1496 turns ( 0 points) Survival: died (score multiplied by 80%) Total score: 28557 Latest messages: You take off your elven cloak. You are now wearing a leather armor. You are now wearing an elven cloak. You see here a tattered cape (88 zorkmids). Star picks up a scroll of light. You stop. Star is in the way! Star drops a scroll of light. There are a few objects here. You stop. Star is in the way! You see here a splint mail (106 zorkmids). You see here a milky potion (200 zorkmids). You see here a brown potion (133 zorkmids). You see here a scroll labeled XIXAXA XOXAXA XUXAXA (266 zorkmids). You see here a leather armor (6 zorkmids). You feel strong! You must have been exercising. Wait! That's a large mimic! You hit the large mimic. The large mimic hits! You hit the large mimic. You miss the large mimic. (2x) You hit the large mimic. Star picks up a tattered cape. The large mimic hits! You die... Wonotobo comes and takes all your possessions. Final status: Goodbye TKirby the Ranger, killed by a large mimic... You died in The Dungeons of Doom on dungeon level 4 with 28557 points, and 0 pieces of gold, after 1496 moves. You were level 4 with a maximum of 31 hit points when you died.